cohdb
Replays
Latest Replays
All Replays
Popular Replays
Top Player Replays
Match Explorer
How It Works
Community
CoH3 Stats
Reddit
Sign in to upload your games and track your stats! →
Sign in with Steam
Match 43416658
Unlisted
Match 43416658
Overview
Messages
Build Orders
End
Kradschützen Motorcycle Team
Selects Panzerjäger Kommand Battlegroup
Selects Blockade Equipment
Panzerpioneer Squad
250 Light Carrier
Panzergrenadier Squad
Construct Light Support Kompanie
Fire Support Elements
Selects Tank Busters
Panzergrenadier Squad
Panzerjäger Mechanized Group
Panzerpioneer Squad
Flakvierling Half-track
Selects Defensive Positions
Veteran Squad Leaders
Panzergrenadier Squad
Construct Panzerarmee Kommand
Selects Butterfly Bomb Drop
Armored Reserves
Panzer IV Assault Group
Dominik
beniu
aleptos
The K2
0
0
Comments
sign in to comment!
No comments posted yet!